cohdb
Replays
Latest Replays
All Replays
Popular Replays
Top Player Replays
Match Explorer
How It Works
Community
CoH3 Stats
Reddit
Sign in to upload your games and track your stats! →
Sign in with Steam
Match 42759156
Unlisted
Match 42759156
Overview
Messages
Build Orders
End
Vickers Machine Gun Team
Construct Section Command Post
Selects Heavy Armor Battlegroup
Infantry Section
Infantry Section
Infantry Section
Construct Field Infirmary
Grenade Package
Selects Engineer Detachments
Infantry Section
Construct Platoon Command Post
Selects Forward Repair Assembly
6-pounder Anti-tank Gun Team
Infantry Section
Infantry Section
Vickers Machine Gun Team
Infantry Training
6-pounder Anti-tank Gun Team
Selects Churchill Black Prince Heavy Tank
Churchill Black Prince Heavy Tank
CMP 15cwt Truck
Selects Light Vehicle Withdraw and Refit
Selects Radio Net
Armored Vehicle Training
Royal Engineer Section
Team Weapon Training
Infantry Section
AltopS
Grand.G
0
0
Comments
sign in to comment!
No comments posted yet!